 Dungeon Crawl Stone Soup version 0.27.1-3-gb3d3a73c9e (webtiles) character file.

Game seed: 17994217167859509499

60 raph the Cudgeller (level 3, -6/31 HPs)
             Began as a Minotaur Fighter on Oct 21, 2021.
             Killed from afar by a white imp (8 damage)
             ... with a puff of frost
             ... summoned by Natasha
             ... on level 2 of the Dungeon.
             The game lasted 00:01:54 (977 turns).

raph the Cudgeller (Minotaur Fighter)                Turns: 977, Time: 00:01:55

Health: -6/31      AC:  6    Str: 20    XL:     3   Next: 82%
Magic:  2/2        EV:  7    Int:  5    God:
Gold:   48         SH:  9    Dex: 10    Spells: 2/2 levels left

rFire    . . .     SeeInvis .   a - +0 flail
rCold    . . .     Faith    .   c - +0 kite shield
rNeg     . . .     Spirit   .   b - +0 scale mail
rPois    .         Reflect  .   (helmet restricted)
rElec    .         Harm     .   (no cloak)
rCorr    .         Rampage  .   (no gloves)
Will     .....                  (no boots)
Stlth    ..........             (no amulet)
HPRegen  0.10/turn              (no ring)
MPRegen  0.08/turn              (no ring)

@: slowed, very slow
A: horns 2, retaliatory headbutt
a: no special abilities


You were on level 2 of the Dungeon.
You visited 1 branch of the dungeon, and saw 2 of its levels.

You collected 48 gold pieces.

Inventory:

Hand Weapons
 a - a +0 flail (weapon)
Armour
 b - a +0 scale mail (worn)
 c - a +0 kite shield (worn)
Scrolls
 e - a scroll of immolation {unknown}
 f - 2 scrolls of teleportation {unknown}
 h - a scroll of fear {unknown}
 i - a scroll of summoning {unknown}
 j - a scroll of acquirement {unknown}
 k - a scroll of noise {unknown}
Potions
 d - 2 potions of might
 g - a potion of flight {unknown}


   Skills:
 - Level 3.6 Fighting
 + Level 5.1 Maces & Flails
 - Level 3.6 Armour
 - Level 3.6 Shields


You had 2 spell levels left.
You didn't know any spells.
Your spell library was empty.

Dungeon Overview and Level Annotations

Branches:
Dungeon (2/15)

Altars:
Ashenzari

Shops:
D:1 :

Annotations:
D:2 Natasha


Innate Abilities, Weirdness & Mutations

You have a pair of horns on your head.
You reflexively headbutt those who attack you in melee.


Message History

You sock Natasha!
Natasha is severely wounded.
Natasha claws you but does no damage.
Your shield and scale mail prevent you from hitting Natasha.
Natasha is severely wounded.
Natasha claws you.
* * * LOW HITPOINT WARNING * * *
Natasha howls an incantation.
Natasha's front paws start to glow.
Natasha claws you.
* * * LOW HITPOINT WARNING * * *
You closely miss Natasha. Your headbutt misses Natasha.
Natasha is severely wounded.
You block Natasha's attack. x2
You closely miss Natasha. Your headbutt misses Natasha.
Natasha is severely wounded.
You block Natasha's attack. Natasha completely misses you.
You furiously retaliate!
You headbutt Natasha.
Natasha wildly gestures.
You feel troubled. Natasha completely misses you.
You hit Natasha. Your headbutt misses Natasha.
Natasha is severely wounded.
Natasha stares at you and mumbles some strange words.
You resist with significant effort. You block Natasha's attack.
You hit Natasha.
Natasha is almost dead.
Natasha stares at you and mumbles some strange words.
You resist with significant effort. Natasha claws you.
* * * LOW HITPOINT WARNING * * *
You closely miss Natasha.
Natasha is almost dead.
Natasha claws you but does no damage.
Natasha mumbles some strange words.
You closely miss Natasha.
Natasha is almost dead.
You block Natasha's attack. The white imp gestures at you.
The puff of frost hits you!
You die...

#.#.#.#.# ....
###.#.#.#.# #.)#
..........# #..#
#........ #..#
#......## ## #..#
#..._..# .. #..#
.###......# #.#†h#
..........# #.#
#..5@# ####..#.#^#
#.# ###..###
#..#...# #.#
#...?..######..###.#
#.# #.####..)......#
#.# #.#
........######..#
#.## #.# ########.#
#..# #... #.# #.#
#..# #### #<# #.#
#..###### #.# ##.##
#........


You could see Natasha and a white imp (summoned).

Vanquished Creatures
  Natasha (D:2)
  2 dart slugs
  6 ball pythons
  4 endoplasms
  A giant cockroach (D:1)
  A goblin (D:1)
  2 hobgoblins
  5 bats
  A frilled lizard (D:2)
  4 kobolds
  3 rats
30 creatures vanquished.

Notes
Turn   | Place    | Note
-------+----------+-------------------------------------------
     0 | D:1      | raph the Minotaur Fighter began the quest for the Orb.
     0 | D:1      | Reached XP level 1. HP: 19/19 MP: 0/0
    79 | D:1      | Found Beshomed's Book Shoppe.
   104 | D:1      | Reached skill level 3 in Maces & Flails
   138 | D:1      | Reached XP level 2. HP: 25/26 MP: 1/1
   274 | D:1      | Reached skill level 4 in Maces & Flails
   638 | D:2      | Found a faded altar of an unknown god.
   657 | D:2      | Noticed Natasha
   663 | D:2      | Killed Natasha
   664 | D:2      | Reached XP level 3. HP: 15/31 MP: 2/2
   844 | D:2      | Reached skill level 5 in Maces & Flails
   904 | D:2      | Found a broken altar of Ashenzari.
   957 | D:2      | Noticed Natasha
   971 | D:2      | HP: 1/31 [Natasha (4)]
   977 | D:2      | Killed from afar by a white imp

Illustrated notes

Levels and vault maps discovered:
D:1:      eino_arrival_water_star, layout_rooms, serial_shops,
          nicolae_shop_temple_entry_statues_fountains
D:2:      layout_loops_ring, basic_altar, chequers_ecumenical_altar_twisty,
          uniq_sigmund, uniq_natasha

Skill      XL: |  1  2  3 |
---------------+----------+-----
Maces & Flails | 3 4 5 |  5.1
Fighting       | |  3.6
Armour         | |  3.6
Shields        | |  3.6

Action                   || total
-------------------------++-------
Melee: Flail             ||    71
       Headbutt          ||     8
Armor: Scale mail        ||    29
Dodge: Dodged            ||    32
Block: Kite shield       ||    33
